Map: Romanticide LE

Players

Zoun

  • Race: Protoss Protoss

Has - Winner!

  • Race: Protoss Protoss

Event: DreamHack SC2 Masters 2021 Fall

VOD

Have the link to the VOD?

Description

Time

  • Played on: Sept. 10, 2021, 12:24 p.m.
  • Length: 14:59

All games in this series

Show
View Real Time Build Order
Export as new Build Order

Zoun Protoss 

Build Orders: Oracle Opening, Archon Immortal 

Get SALT Encoding   

  12  0:00  Probe  
  13  0:12  Probe  
  14  0:17  Pylon  
  14  0:24  Probe (Chrono Boost)  
  15  0:36  Gateway, Probe (Chrono Boost)  
  16  0:44  Probe (Chrono Boost)  
  16  0:46  Assimilator  
  17  0:51  Probe  
  18  1:03  Probe (Chrono Boost)  
  19  1:04  Assimilator  
  19  1:09  Gateway  
  19  1:13  Probe (Chrono Boost)  
  19  1:17  Probe (Chrono Boost)  
  20  1:23  Cybernetics Core  
  21  1:30  Probe  
  22  1:35  Pylon  
  22  1:42  Probe  
  23  1:54  Probe  
  23  1:59  Stalker x2  
  23  2:00  Warp Gate  
  28  2:10  Probe  
  28  2:13  Pylon  
  29  2:22  Pylon  
  29  2:28  Stargate  
  29  2:36  Adept  
  31  2:38  Adept  
  33  3:00  Nexus  
  33  3:05  Shield Battery  
  33  3:11  Oracle (Chrono Boost)  
  36  3:23  Shield Battery  
  36  3:30  Pylon  
  36  3:31  Probe  
  37  3:43  Probe  
  37  3:44  Oracle (Chrono Boost)  
  37  4:03  Robotics Facility  
  37  4:06  Stalker  
  37  4:08  Stalker  
  41  4:13  Probe  
  41  4:16  Probe  
  43  4:25  Probe  
  43  4:28  Probe  
  45  4:32  Stalker  
  45  4:34  Sentry  
  50  4:40  Probe (Chrono Boost)  
  50  4:42  Probe (Chrono Boost)  
  51  4:49  Probe (Chrono Boost)  
  51  4:51  Observer (Chrono Boost)  
  51  4:52  Probe (Chrono Boost)  
  54  4:54  Probe (Chrono Boost)  
  55  5:00  Assimilator  
  55  5:01  Probe  
  55  5:06  Probe  
  57  5:08  Immortal (Chrono Boost)  
  57  5:13  Forge, Probe  
  62  5:21  Pylon  
  62  5:23  Pylon  
  62  5:38  Immortal (Chrono Boost)  
  62  5:39  Probe x2  
  62  5:40  Observer  
  68  5:43  Twilight Council  
  68  5:47  Assimilator  
  68  5:49  Sentry  
  70  5:51  Probe x2  
  72  6:03  Probe x2  
  74  6:12  Charge  
  74  6:16  Nexus  
  74  6:17  Pylon, Immortal  
  78  6:28  Protoss Ground Weapons Level 1 (Chrono Boost)  
  78  6:30  Pylon  
  78  6:35  Probe x2  
  80  6:45  Shield Battery, Gateway  
  80  6:48  Probe x2  
  80  6:49  Gateway  
  82  7:00  Probe (Chrono Boost)  
  84  7:02  Probe (Chrono Boost)  
  84  7:04  Gateway x2  
  84  7:10  Templar Archives  
  84  7:12  Probe (Chrono Boost)  
  86  7:17  Pylon, Probe (Chrono Boost)  
  86  7:18  Probe (Chrono Boost)  
  87  7:25  Observer, Probe (Chrono Boost)  
  87  7:27  Gateway  
  87  7:28  Probe (Chrono Boost)  
  90  7:32  Probe (Chrono Boost)  
  92  7:39  Gateway  
  92  7:40  Gateway  
  92  7:42  Probe (Chrono Boost)  
  92  7:43  Probe x2 (Chrono Boost)  
  94  7:47  Assimilator x2, Probe (Chrono Boost)  
  94  7:48  Probe (Chrono Boost)  
  94  7:50  Probe  
  97  7:54  High Templar x3  
  97  7:55  High Templar  
  97  7:58  Pylon  
  105  8:00  Pylon, Archon x2, Probe  
  105  8:03  Photon Cannon  
  106  8:09  Phoenix  
  108  8:13  Gateway  
  108  8:15  Pylon  
  108  8:17  Pylon  
  108  8:22  High Templar x2, Zealot  
  108  8:26  Archon, Warp Prism (Chrono Boost)  
  116  8:30  Zealot x2  
  116  8:47  Zealot x5  
  119  8:54  Shield Battery  
  117  8:56  Shield Battery, Immortal (Chrono Boost)  
  117  9:00  High Templar x2  
  121  9:03  High Templar x2  
  121  9:05  Archon  
  121  9:11  Archon  
  121  9:12  Pylon, Protoss Ground Weapons Level 2 (Chrono Boost), Zealot x5  
  123  9:23  Photon Cannon  
  123  9:29  Immortal (Chrono Boost)  
  126  9:38  Nexus  
  126  9:42  High Templar x2  
  127  9:47  Archon  
  127  9:48  Observer  
  127  9:51  Probe x2  
  127  9:56  Phoenix  
  127  9:59  Probe  
  128  10:00  Pylon, Stargate  
  128  10:03  Probe  
  128  10:05  Immortal  
  131  10:09  Pylon x2  
  131  10:18  High Templar x2  
  131  10:19  Pylon  
  135  10:22  Archon  
  135  10:26  Phoenix (Chrono Boost)  
  137  10:30  Zealot  
  137  10:31  Zealot x5  
  149  10:45  Phoenix (Chrono Boost)  
  149  10:47  Shield Battery  
  149  10:48  Photon Cannon, High Templar x2  
  155  10:52  Archon  
  155  10:53  Zealot x3  
  161  10:58  Phoenix  
  163  11:06  Probe  
  163  11:07  Zealot x3, Probe x2  
  163  11:08  Zealot x2  
  176  11:18  Phoenix  
  177  11:24  Zealot x3  
  177  11:25  Zealot x2  
  187  11:27  Blink (Chrono Boost)  
  187  11:32  Probe (Chrono Boost)  
  188  11:36  Protoss Ground Weapons Level 3 (Chrono Boost)  
  188  11:38  Observer  
  188  11:41  Probe (Chrono Boost)  
  187  11:53  Robotics Bay  
  187  11:59  Observer  
  187  12:01  Observer (Chrono Boost)  
  187  12:03  Robotics Facility  
  188  12:08  Nexus  
  188  12:11  High Templar x2  
  188  12:12  Pylon  
  190  12:16  Gateway, Archon  
  190  12:17  Zealot  
  190  12:18  Observer, Gateway  
  193  12:31  Shield Battery  
  193  12:34  Photon Cannon  
  193  12:41  Dark Shrine  
  191  12:55  Extended Thermal Lance  
  197  13:00  Disruptor (Chrono Boost)  
  197  13:04  Disruptor (Chrono Boost)  
  190  13:09  Zealot x6  
  192  13:28  Disruptor (Chrono Boost)  
  192  13:29  Zealot x2  
  197  13:41  Disruptor (Chrono Boost)  
  185  13:42  Zealot x5  
  185  13:45  Zealot x5  
  150  13:56  Zealot  
  150  13:57  Zealot  
  150  14:01  Disruptor (Chrono Boost)  
  154  14:05  Zealot x7  
  151  14:13  Zealot x3  
  115  14:18  Disruptor (Chrono Boost), Zealot x2  
  90  14:26  Zealot x4  
  90  14:27  Disruptor (Chrono Boost), Stalker x3  
  106  14:38  Zealot x3  
  102  14:41  Zealot, Stalker  
  99  14:47  Zealot x4  
  99  14:52  Zealot x2  
  93  14:53  Zealot  
Show
View Real Time Build Order
Export as new Build Order

Has Protoss - Winner!

Build Orders: Blink Stalkers 

Get SALT Encoding   

  12  0:00  Probe  
  13  0:12  Probe  
  14  0:17  Pylon  
  14  0:24  Probe (Chrono Boost)  
  16  0:35  Probe (Chrono Boost)  
  16  0:36  Gateway  
  16  0:41  Probe  
  16  0:45  Assimilator  
  17  0:53  Probe  
  17  0:55  Assimilator  
  18  1:05  Probe (Chrono Boost)  
  18  1:07  Gateway  
  18  1:10  Gateway  
  19  1:14  Probe (Chrono Boost)  
  20  1:19  Probe (Chrono Boost)  
  20  1:25  Cybernetics Core  
  21  1:31  Probe  
  22  1:35  Pylon  
  22  1:43  Probe  
  23  1:56  Probe  
  18  2:01  Stalker x2, Warp Gate (Chrono Boost)  
  24  2:08  Probe  
  29  2:11  Pylon  
  30  2:23  Pylon  
  30  2:29  Probe  
  29  2:37  Stalker x2  
  33  2:45  Twilight Council  
  33  3:10  Nexus  
  33  3:19  Blink (Chrono Boost)  
  34  3:22  Probe  
  34  3:35  Shield Battery  
  35  3:46  Stalker  
  35  3:47  Stalker  
  39  3:50  Probe  
  37  4:02  Probe  
  38  4:13  Robotics Facility  
  38  4:17  Probe  
  38  4:22  Stalker x2  
  38  4:23  Probe (Chrono Boost)  
  44  4:30  Probe (Chrono Boost)  
  45  4:35  Probe (Chrono Boost)  
  45  4:41  Probe (Chrono Boost)  
  45  4:42  Probe (Chrono Boost)  
  47  4:50  Gateway, Probe x2  
  49  4:57  Stalker  
  51  5:00  Observer  
  51  5:02  Probe x2  
  51  5:06  Pylon  
  54  5:08  Pylon  
  54  5:24  Forge, Observer, Probe  
  57  5:31  Nexus  
  57  5:33  Probe (Chrono Boost)  
  57  5:42  Stalker, Probe (Chrono Boost)  
  61  5:44  Probe (Chrono Boost)  
  61  5:49  Probe (Chrono Boost)  
  62  5:50  Probe (Chrono Boost)  
  62  5:54  Pylon, Stalker  
  62  5:55  Protoss Ground Weapons Level 1 (Chrono Boost)  
  65  6:00  Gateway  
  65  6:04  Probe  
  65  6:05  Probe  
  67  6:16  Probe  
  68  6:18  Assimilator, Probe  
  68  6:20  Stalker x2  
  68  6:25  Stalker  
  75  6:28  Shield Battery, Probe  
  75  6:31  Probe  
  77  6:36  Observer  
  77  6:38  Gateway  
  77  6:40  Gateway  
  77  6:42  Probe (Chrono Boost)  
  77  6:43  Probe (Chrono Boost)  
  77  6:44  Observer, Probe (Chrono Boost)  
  80  6:49  Gateway  
  80  6:51  Observer  
  81  6:54  Observer  
  81  6:57  Probe (Chrono Boost)  
  81  6:59  Probe (Chrono Boost)  
  81  7:00  Probe (Chrono Boost)  
  83  7:03  Pylon, Probe (Chrono Boost)  
  84  7:10  Pylon, Stalker x2  
  88  7:19  Stalker  
  88  7:20  Stalker  
  92  7:23  Pylon  
  92  7:31  Observer  
  92  7:32  Pylon, Photon Cannon  
  92  7:34  Stalker x3  
  92  7:36  Probe  
  92  7:37  Probe x2  
  101  7:47  Warp Prism (Chrono Boost)  
  103  8:00  Stalker x5  
  103  8:03  Observer, Protoss Ground Weapons Level 2 (Chrono Boost)  
  113  8:12  Probe  
  114  8:13  Probe  
  114  8:15  Pylon  
  114  8:17  Robotics Bay  
  116  8:21  Nexus  
  116  8:23  Pylon  
  116  8:25  Probe  
  116  8:26  Probe  
  117  8:31  Stalker  
  119  8:34  Probe  
  119  8:36  Stalker  
  119  8:39  Stalker x2  
  119  8:42  Probe  
  119  8:47  Stalker  
  120  8:49  Probe x2  
  122  8:59  Probe  
  122  9:00  Shield Battery  
  122  9:02  Shield Battery  
  123  9:03  Assimilator, Pylon, Disruptor (Chrono Boost)  
  123  9:06  Assimilator  
  116  9:20  Stalker x5  
  116  9:24  Probe x3  
  133  9:40  Colossus (Chrono Boost)  
  133  9:45  Observer  
  131  9:55  Probe x2  
  131  9:56  Stalker x4  
  131  9:57  Observer, Stalker  
  131  9:58  Assimilator  
  131  9:59  Assimilator  
  143  10:04  Gateway  
  143  10:09  Gateway  
  143  10:12  Shield Battery, Colossus (Chrono Boost)  
  143  10:14  Shield Battery  
  143  10:16  Pylon  
  149  10:24  Extended Thermal Lance (Chrono Boost)  
  149  10:32  Sentry  
  149  10:35  Gateway  
  151  10:36  Probe  
  151  10:37  Pylon  
  151  10:38  Photon Cannon  
  151  10:40  Photon Cannon  
  151  10:41  Photon Cannon  
  150  10:45  Probe x2  
  152  10:50  Pylon  
  152  10:51  Protoss Ground Weapons Level 3 (Chrono Boost)  
  152  10:53  Templar Archives  
  152  10:55  Colossus (Chrono Boost)  
  158  11:03  Photon Cannon x2  
  158  11:11  Pylon  
  158  11:31  Photon Cannon  
  158  11:33  Colossus (Chrono Boost)  
  164  11:44  High Templar x2  
  164  11:45  High Templar x2  
  164  11:46  Zealot x6  
  182  11:48  Archon  
  182  11:49  Archon  
  182  11:54  Photon Cannon  
  182  11:58  Pylon  
  182  11:59  Pylon  
  182  12:12  Nexus  
  182  12:14  Pylon, High Templar x2  
  186  12:17  Photon Cannon  
  186  12:25  Shield Battery  
  186  12:26  Archon  
  186  12:28  Probe  
  186  12:29  High Templar x2  
  190  12:33  Archon  
  190  12:38  High Templar x2  
  190  12:40  Pylon  
  193  12:53  High Templar x2  
  193  12:55  Archon  
  193  12:57  Archon  
  197  12:59  Probe  
  197  13:03  Gateway  
  198  13:05  Gateway  
  198  13:07  Pylon  
  198  13:24  Zealot x2  
  184  13:36  Observer, Zealot x3  
  184  13:42  Zealot x5  
  184  13:45  Stalker x2  
  149  13:56  Stalker x2  
  149  13:59  Stalker x2  
  149  14:00  Stalker  
  153  14:02  Zealot  
  153  14:03  Zealot x4  
  153  14:07  Probe  
  124  14:17  Zealot x4  
  124  14:22  Stalker x4  
  124  14:23  Stalker x4  
  142  14:31  Probe  
  137  14:32  Probe x2  
  133  14:41  Probe  
  133  14:43  Probe  
  120  14:53  Stalker x2  
  120  14:54  Stalker x8  
  120  14:55  Stalker  

Tags
 
Add a new tag
Caveats
  • Supply blocks, unpowered buildings, or Contaminate may cause inaccurate times.
  • Supply counts are checked every 10 seconds.